 Dungeon Crawl Stone Soup version 0.25.0-1-g7eea58d2a3 (webtiles) character file.

Game seed: 17170610629721617738

20 nikku the Conjurer (level 2, -2/16 HPs)
             Began as a Deep Elf Conjurer on June 13, 2020.
             Slain by a goblin
             ... wielding a +1 dagger of speed
             ... led by Robin
              (4 damage)
             ... on level 1 of the Dungeon.
             The game lasted 00:02:11 (1018 turns).

nikku the Conjurer (Deep Elf Conjurer)              Turns: 1018, Time: 00:02:11

Health: -2/16      AC:  2    Str:  5    XL:     2   Next: 58%
Magic:  6/8        EV: 13    Int: 19    God:
Gold:   48         SH:  0    Dex: 15    Spells: 7/8 levels left

rFire    . . .     SeeInvis .   b - +0 dagger
rCold    . . .     Gourm    .   (no shield)
rNeg     . . .     Faith    .   a - +0 robe
rPois    .         Spirit   .   (no helmet)
rElec    .         Reflect  .   (no cloak)
rCorr    .         Harm     .   (no gloves)
MR       .....                  (no boots)
Stlth    ++........             (no amulet)
HPRegen  0.05/turn              (no ring)
MPRegen  0.11/turn              (no ring)

@: no status effects
A: no striking features
a: no special abilities


You were on level 1 of the Dungeon.
You were not hungry.

You visited 1 branch of the dungeon, and saw 2 of its levels.

You collected 48 gold pieces.

Inventory:

Hand Weapons
 b - a +0 dagger (weapon)
Armour
 a - a +0 robe (worn)
Scrolls
 j - a scroll of magic mapping
Potions
 e - a potion of haste {unknown}
 f - a potion of flight {unknown}
 h - a potion of brilliance {unknown}
Comestibles
 c - 3 rations
 d - a chunk of flesh


   Skills:
 + Level 0.9 Fighting
 - Level 2.4 Dodging
 - Level 2.4 Stealth
 + Level 3.5 Spellcasting
 + Level 4.7 Conjurations


You had 7 spell levels left.
You knew the following spells:

 Your Spells              Type           Power        Failure   Level  Hunger
a - Magic Dart            Conj           ###.         1%          1    None

Your spell library contained the following spells:

 Spells                   Type           Power        Failure   Level  Hunger
 Searing Ray              Conj           ###...       3%          2    ##.....
 Dazzling Flash           Conj/Hex       ##....       17%         3    ###....
 Fulminant Prism          Conj/Hex       ##........   50%         4    ####...
 Iskenderun's Mystic Bla  Conj/Tloc      ##......     50%         4    ####...


Dungeon Overview and Level Annotations

Branches:
Dungeon (2/15)

Altars:

Annotations:
D:2 Robin


Message History

Press: ? - help, Shift-Dir - straight line, f - goblin
Aim: a goblin, wielding a +0 club The magic dart hits the goblin.
You kill the goblin!
The goblin hits you with a +1 dagger of speed.
* * * LOW HITPOINT WARNING * * *
The goblin barely misses you. x2; The goblin closely misses you.
Casting: Magic Dart (safe; 1% risk of failure)
Confirm with . or Enter, or press ? or * to list all spells.
Aiming: Magic Dart (safe; 1% risk of failure)
Press: ? - help, Shift-Dir - straight line, f - goblin
Aim: a goblin, wielding a +0 club The magic dart hits the goblin.
The goblin is heavily wounded.
The goblin hits you with a +0 club.
* * * LOW HITPOINT WARNING * * *
The goblin hits you with a +0 dagger.
* * * LOW HITPOINT WARNING * * *
The goblin hits you with a +1 dagger of speed.
You die...

.....# #####.##############
###..# #..................#
.....#########.........######
.................###...#
.....#########.#.###...#
.......................#
##...........#.#....)..#
............##.#g###.#.#
...............)@g.#.#.#
##..#####.#.##.#g###.#.#
....## #.#.......##.#.#
.....# #.#.##.#.###.#.#
.....# #.#.##.#.###.#.#
.....# ##............###
.....# #.........##### .....#
##.####.#.# ###..# #.# #.#.#


You could see 3 goblins.

Vanquished Creatures
  A dart slug (D:1)
  A ball python (D:1)
  2 bats
  5 goblins
  2 hobgoblins (D:1)
  A frilled lizard (D:1)
  2 kobolds (D:1)
  3 rats (D:1)
17 creatures vanquished.

Notes
Turn   | Place    | Note
-------+----------+-------------------------------------------
     0 | D:1      | nikku the Deep Elf Conjurer began the quest for the Orb.
     0 | D:1      | Reached XP level 1. HP: 10/10 MP: 6/6
   171 | D:1      | Reached XP level 2. HP: 16/16 MP: 5/8
   962 | D:2      | Noticed Robin
  1018 | D:1      | Slain by a goblin

Illustrated notes

Levels and vault maps discovered:
D:1:      onia_arrival_mini_spirals, layout_basic
D:2:      layout_rooms, bloody_trog, first_ration,
          minmay_fractal_squares_gapless_5, uniq_robin, uniq_jessica

Action                   || total
-------------------------++-------
 Cast: Magic Dart        ||    30
  Use: Scroll            ||     3
Armor: Robe              ||     3
Dodge: Dodged            ||    10
